 Seeded DCSS version 0.30.0-30-g96aa6591b8 (webtiles) character file.

Game seed: 11578099317584857746 (custom seed)

127 bmack86 the Covered (level 4, 0/40 HPs)
             Began as a Minotaur Fighter on June 29, 2023.
             Killed from afar by an orc wizard (7 damage)
             ... with a puff of flame
             ... on level 3 of the Dungeon.
             The game lasted 00:07:12 (1827 turns).

bmack86 the Covered (Minotaur Fighter)              Turns: 1827, Time: 00:07:13

Health: 0/40       AC: 12    Str: 22    XL:     4   Next: 85%
Magic:  3/3        EV:  5    Int:  5    God:
Gold:   224        SH:  8    Dex: 10    Spells: 3/3 levels left

rFire   . . .        a - +0 war axe
rCold   . . .        n - +0 kite shield
rNeg    . . .        m - +0 plate armour
rPois   .            (helmet restricted)
rElec   .            (no cloak)
rCorr   .            (no gloves)
SInv    .            (no boots)
Will    .....        (no amulet) Stlth
                     (no ring)
HPRegen 0.26/turn    (no ring)
MPRegen 0.08/turn

%: no passive effects
@: mighty
A: horns 2, retaliatory headbutt
a: no special abilities


You were on level 3 of the Dungeon.
You visited 1 branch of the dungeon, and saw 3 of its levels.

You collected 246 gold pieces.
You spent 22 gold pieces at shops.

Inventory:

Hand Weapons
 a - a +0 war axe (weapon)
Missiles
 f - 5 javelins (quivered)
Armour
 b - a +0 scale mail
 c - a +0 buckler
 m - a +0 plate armour (worn)
 n - a +0 kite shield (worn)
Jewellery
 g - a ring of wizardry
Scrolls
 h - a scroll of identify
 l - 2 scrolls of enchant weapon {unknown}
 p - a scroll of torment {unknown}
 q - 3 scrolls of vulnerability
 r - a scroll of amnesia
 s - a scroll of immolation {unknown}
 t - a scroll of teleportation
Potions
 d - a potion of might
 e - a potion of mutation {unknown}
 i - 2 potions of curing {unknown}
 j - 2 potions of haste {unknown}
 k - 2 potions of heal wounds {unknown}
 o - a potion of berserk rage {unknown}


   Skills:
 - Level 4.2 Fighting
 * Level 4.4 Axes
 + Level 4.4 Armour
 + Level 4.4 Shields


You had 3 spell levels left.
You didn't know any spells.
Your spell library contained the following spells:

 Spells                   Type           Power      Damage    Failure   Level
 Magic Dart               Conj           0%         1d3       100%        1
 Call Imp                 Summ           0%         N/A       100%        2
 Cigotuvi's Dreadful Rot  Necr/Pois/Air  0%         N/A       100%        2
 Ignite Poison            Fire/Tmut/Pois 0%         N/A       100%        3
 Mephitic Cloud           Conj/Pois/Air  0%         N/A       100%        3
 Freezing Cloud           Conj/Ice/Air   0%         6-21      100%        5


Dungeon Overview and Level Annotations

Branches:
Dungeon (3/15)

Altars:
Nemelex Xobeh

Shops:
D:1 ?

Annotations:
D:3 7 exclusions


Innate Abilities, Weirdness & Mutations

You have a pair of horns on your head.
You reflexively headbutt those who attack you in melee.


Message History

You see here a +0 hand axe.
You hit the orc priest.
You headbutt the orc priest, but do no damage.
The orc priest is lightly wounded.
The orc wizard casts a spell at you.
You are confused.
The orc priest barely misses you.
The orc wizard gestures wildly while chanting.
The orc wizard flickers and vanishes!
Deactivating autopickup; reactivate with Ctrl-A.
The orc priest calls down the wrath of Beogh upon you.
You barely resist.
You're too confused to move!
The orc priest barely misses you.
You closely miss the orc priest. You headbutt the orc priest.
The orc priest is moderately wounded.
You completely miss something. Something hits you but does no damage.
The orc priest hits you with a +0 mace.
You barely miss the orc priest. You headbutt the orc priest!
You kill the orc priest!
You closely miss something. Something hits you.
Something hits you but does no damage.
You bump into the rock wall.
You hear some strange, mumbled words.
Something tries to affect you, but you resist.
Unknown command.
You bump into the rock wall.
Something hits you but does no damage.
You're too confused to move!
You feel less confused.
You hear some strange, mumbled words.
A magic dart appears from out of thin air!
The magic dart hits you!
* * * LOW HITPOINT WARNING * * *
Something hits you but does no damage.
Things that are here:
a +0 mace; a +0 scale mail You slash something!
You headbutt something.
You hear some strange, mumbled words.
A puff of flame appears from out of thin air!
The puff of flame hits you!
You die...

#.#.> #.# #.#
#.###
#######.###.#
...
..........#.#
..
..(.........#
#.#
.#.###.#.###
...# #.# #.#.#
#.#.###.###.#.#
.....#...##)#.#
#....).{@#.#
#.....####.#
#.##?## #.# #.#
# #.#
##.##########
#.# ..#
#...........#
#.. ####
#..########.#
#.### #..# #>#
.... #..# #.#
#.. #..## #.#


There were no monsters in sight!

Vanquished Creatures
  An orc priest (D:3)
  3 adders (D:2)
  2 dart slugs (D:1)
  4 orcs (D:3)
  9 bats
  7 endoplasms
  A giant cockroach (D:3)
  4 goblins
  9 hobgoblins
  6 quokkas
  4 ball pythons
  2 frilled lizards (D:2)
  4 kobolds
  2 rats (D:1)
58 creatures vanquished.

Notes
Turn   | Place    | Note
-------+----------+-------------------------------------------
     0 | D:1      | bmack86 the Minotaur Fighter began the quest for the Orb.
     0 | D:1      | Reached XP level 1. HP: 19/19 MP: 0/0
    47 | D:1      | Reached XP level 2. HP: 27/27 MP: 1/1
   185 | D:1      | You fall into a shaft and drop 1 floor!
   185 | D:2      | Found a sparkling altar of Nemelex Xobeh.
   321 | D:2      | Reached XP level 3. HP: 33/33 MP: 2/2
   895 | D:2      | Reached XP level 4. HP: 40/40 MP: 3/3
  1389 | D:1      | Found Vedoos's Magic Scroll Emporium.
  1392 | D:1      | Bought a scroll of identify for 22 gold pieces
  1827 | D:3      | Killed from afar by an orc wizard

Illustrated notes

Levels and vault maps discovered:
D:1:      shiori_arrival_maze, layout_rooms, serial_shops,
          nicolae_shop_behind_doors
D:2:      layout_loops_corners, basic_altar
D:3:      layout_loops_ring, marbit_many_paths,
          mainiacjoe_overflow_cross_hatched, kennysheep_flooded_box,
          lightli_corner_chamber

Skill      XL: |  1  2  3  4 |
---------------+-------------+-----
Axes           | 3 4 |  4.4
Fighting       | 4 |  4.2
Armour         | 4 |  4.4
Shields        | 4 |  4.4

Action                     |  1- 3 |  4- 6 || total
---------------------------+-------+-------++-------
  Melee: War axe           |    64 |    42 ||   106
         Headbutt          |     8 |    11 ||    19
    Use: Scroll            |       |     5 ||     5
         Potion            |       |     1 ||     1
 Armour: Scale mail        |    37 |       ||    37
         Plate armour      |    10 |    34 ||    44
  Dodge: Dodged            |    30 |     7 ||    37
  Block: Buckler           |    22 |     2 ||    24
         Kite shield       |       |    20 ||    20
